 Dungeon Crawl Stone Soup version 0.20.1-1-g8b1a95d (webtiles) character file.

1174 raph the Firebug (level 8, -3/41 HPs)
             Began as a Deep Elf Fire Elementalist on Oct 1, 2017.
             Was an Initiate of Kikubaaqudgha.
             Slain by Duvessa
             ... wielding a +0 short sword
              (7 damage)
             ... on level 5 of the Dungeon.
             The game lasted 00:18:02 (6780 turns).

raph the Firebug (Deep Elf Fire Elementalist)       Turns: 6780, Time: 00:18:03

Health: -3/41      AC:  9    Str:  6 (7)  XL:     8   Next: 18%
Magic:  1/16       EV: 14    Int: 23 (25) God:    Kikubaaqudgha [......]
Gold:   350        SH:  0    Dex: 14 (15) Spells: 5/18 levels left

rFire    . . .     SeeInvis .   x - +4 dagger
rCold    + . .     Gourm    +   (no shield)
rNeg     . . .     Faith    .   v - +3 leather armour {rC+}
rPois    .         Spirit   .   o - +1 helmet
rElec    .         Reflect  .   d - +0 cloak
rCorr    .         Harm     .   g - -1 pair of gloves (curse)
MR       +....                  (no boots)
Stlth    ++........             h - amulet of the gourmand
Regen    0.2/turn               (no ring)
MPRegen  0.2/turn               (no ring)

@: hasted, very quick
A: clever 1, low mp 1, magic resistance 1, strong 1
a: Renounce Religion


You were on level 5 of the Dungeon.
You worshipped Kikubaaqudgha.
Kikubaaqudgha was noncommittal.
You were full.

You visited 1 branch of the dungeon, and saw 7 of its levels.

You collected 350 gold pieces.

Inventory:

Hand Weapons
 x - a +4 dagger (weapon)
Missiles
 k - 6 tomahawks (quivered)
Armour
 d - a +0 cloak (worn)
 g - a cursed -1 pair of gloves (worn)
 o - a +1 helmet (worn)
 v - a +3 leather armour of cold resistance (worn)
Jewellery
 h - an amulet of the gourmand (around neck)
Wands
 j - a wand of flame (25/48)
 u - a wand of polymorph (15/24)
Potions
 a - 2 potions of cancellation
 e - a potion of flight
 r - 2 potions of berserk rage {unknown}
 t - a potion of magic {unknown}
 w - a potion of might {unknown}
 A - 3 potions of haste
Books
 b - a book of Flames

   Spells                             Type                      Level
   a - Flame Tongue                   Conjuration/Fire             1
   b - Throw Flame                    Conjuration/Fire             2
   c - Conjure Flame                  Conjuration/Fire             3
   d - Inner Flame                    Hexes/Fire                   3
   e - Sticky Flame                   Conjuration/Fire             4
   f - Fireball                       Conjuration/Fire             5
Comestibles
 c - 2 bread rations
 f - 2 meat rations
 i - 4 royal jellies


   Skills:
 + Level 2.3 Armour
 + Level 5.3 Dodging
 - Level 3.1 Stealth
 + Level 5.7 Spellcasting
 + Level 4.2 Conjurations
 + Level 2.8 Necromancy
 * Level 6.7 Fire Magic


You had 5 spell levels left.
You knew the following spells:

 Your Spells              Type           Power        Failure   Level  Hunger
a - Flame Tongue          Conj/Fire      ####.        1%          1    None
b - Throw Flame           Conj/Fire      ####..       1%          2    None
c - Conjure Flame         Conj/Fire      ####....     4%          3    #......
d - Inner Flame           Hex/Fire       ###.....     10%         3    #......
e - Sticky Flame          Conj/Fire      ####....     14%         4    ###....


Dungeon Overview and Level Annotations

Branches:
Dungeon (7/15)
 Temple: D:4-7

Altars:
Fedhas
Gozag
Kikubaaqudgha
Makhleb
Nemelex Xobeh
Okawaru
Qazlal
Sif Muna

Shops:
D:4 %

Annotations:
D:4 tarantulino's ghost, amateur NaGl
D:5 Dowan; Duvessa
D:7 Prince Ribbit


Innate Abilities, Weirdness & Mutations

Your mind is acute. (Int +2)
Your magical capacity is low. (-10% MP)
You are resistant to hostile enchantments. (MR+)
Your muscles are strong. (Str +2)


Message History

Press: ? - help, Shift-Dir - straight line, f/p - Duvessa
Aim: Duvessa, wielding a short sword and wearing a dyed leather armour (almost dead)
The flame tongue hits Duvessa.
Duvessa completely resists.
Duvessa is almost dead. 3 orcs come into view.
The orc moves out of view. x2
There is an open door here.
The orc shouts!
Casting: Flame Tongue
Confirm with . or Enter, or press ? or * to list all spells.
Aiming: Flame Tongue
Press: ? - help, Shift-Dir - straight line, f/p - Duvessa
Aim: Duvessa, wielding a short sword and wearing a dyed leather armour (almost dead)
The flame tongue hits Duvessa.
Duvessa completely resists.
Duvessa is almost dead.
The orc shouts!
Duvessa says, "Did you see that move?
Perfect!"
Duvessa hits you with a short sword!
You die...
Kikubaaqudgha rasps: "You have failed me!
Welcome... death!"

.................................
.................................
.#######.....#########...........
.# #.....#.......#........... .#
#.....#.......#.....#+#### .#
#.....#.......#.....+...#.
.#######.....+.....).#.....#...'.
.##8..#........#'#####.....#...#.
###_.......o....@...#......#...#.
.##8..#.....oo.e....#......###'##
.######?.#..........#......#...##
.#.......#...o......'......#.....
.#.......#..........#......'.....
.#.......##'####+####......#.....
.####'##...o...............#.....
..#....#...................#.....
..#....#...................#.....


You could see Duvessa and 5 orcs.

Vanquished Creatures
  The ghost of tarantulino the Conjurer, a novice DEFE of Sif Muna (D:6)
  Eustachio (D:6)
  An ogre (D:4)
  A sky beast (D:5)
  A big kobold (D:7)
  The ghost of kalagan the Digger, an amateur GrEE (D:3)
  A scorpion (D:5)
  A crimson imp (D:5)
  Crazy Yiuf (D:6)
  A centaur skeleton (D:4)
  An orc priest (D:3)
  A hound (D:5)
  An orc wizard (D:3)
  4 worker ants
  A killer bee zombie (D:7)
  A howler monkey skeleton (D:6)
  5 adders
  4 worms
  2 dart slugs (D:1)
  3 leopard geckos
  6 orcs
  8 bats
  5 giant cockroaches
  8 hobgoblins
  8 jackals
  A ball python (D:2)
  4 frilled lizards
  7 goblins
  13 kobolds
  A leopard gecko skeleton (D:5)
  8 rats
102 creatures vanquished.

Notes
Turn   | Place    | Note
-------+----------+-------------------------------------------
     0 | D:1      | raph the Deep Elf Fire Elementalist began the quest for the Orb.
     0 | D:1      | Reached XP level 1. HP: 10/10 MP: 6/6
   388 | D:1      | Reached XP level 2. HP: 15/15 MP: 6/8
   441 | D:1      | Learned a level 2 spell: Throw Flame
   951 | D:2      | Reached XP level 3. HP: 19/19 MP: 6/10
  1340 | D:2      | Learned a level 3 spell: Conjure Flame
  1344 | D:2      | Learned a level 3 spell: Inner Flame
  1601 | D:2      | Reached skill level 4 in Fire Magic
  2020 | D:2      | Reached XP level 4. HP: 19/24 MP: 8/11
  2710 | D:3      | Found a burning altar of Makhleb.
  2749 | D:3      | Found a deep blue altar of Sif Muna.
  2751 | D:3      | Found a blossoming altar of Fedhas.
  2773 | D:3      | Found an iron altar of Okawaru.
  2776 | D:3      | Found an ancient bone altar of Kikubaaqudgha.
  2800 | D:3      | Reached XP level 5. HP: 28/28 MP: 9/13
  2842 | D:3      | Noticed kalagan's ghost (amateur GrEE)
  2926 | D:3      | Killed kalagan's ghost
  3003 | D:3      | HP: 1/28 [orc priest/divine providence (13)]
  3006 | D:3      | Reached skill level 5 in Fire Magic
  3848 | D:4      | Reached XP level 6. HP: 32/32 MP: 3/14
  3953 | D:4      | Reached skill level 1 in Armour
  4003 | D:4      | Learned a level 4 spell: Sticky Flame
  4022 | D:4      | Found a stormy altar of Qazlal.
  4052 | D:4      | Found Kewkam's Food Shoppe.
  4109 | D:4      | Noticed tarantulino's ghost (amateur NaGl)
  4248 | D:3      | Became a worshipper of Kikubaaqudgha
  4270 | D:5      | Entered Level 5 of the Dungeon
  4877 | D:5      | Found an opulent altar of Gozag.
  5167 | D:5      | Noticed a sky beast
  5184 | D:5      | Killed a sky beast
  5184 | D:5      | Reached skill level 1 in Necromancy
  5184 | D:5      | Reached XP level 7. HP: 18/36 MP: 1/16
  5510 | D:5      | Reached skill level 5 in Spellcasting
  5744 | D:6      | Noticed Duvessa
  5748 | D:6      | Noticed Dowan
  5932 | D:6      | Noticed tarantulino's ghost (novice DEFE)
  5943 | D:7      | Noticed Prince Ribbit
  5959 | D:7      | Gained mutation: Your magical capacity is low. (-10% MP) [potion of mutation]
  5959 | D:7      | Gained mutation: Your muscles are strong. (Str +2) [potion of mutation]
  5959 | D:7      | Gained mutation: You are resistant to hostile enchantments. (MR+) [potion of mutation]
  5959 | D:7      | Gained mutation: Your mind is acute. (Int +2) [potion of mutation]
  6010 | D:7      | Reached skill level 5 in Dodging
  6010 | D:7      | Reached skill level 6 in Fire Magic
  6266 | D:6      | Found a runed door.
  6270 | D:6      | Noticed Crazy Yiuf
  6276 | D:6      | Killed Crazy Yiuf
  6371 | D:6      | Noticed Eustachio
  6494 | D:6      | Found a sparkling altar of Nemelex Xobeh.
  6506 | D:6      | Killed tarantulino's ghost
  6506 | D:6      | Reached XP level 8. HP: 41/41 MP: 8/16
  6580 | D:6      | Killed Eustachio
  6750 | D:5      | HP: 1/41 [Duvessa/short sword (4)]
  6780 | D:5      | Slain by Duvessa

Skill      XL: |  1  2  3  4  5  6  7 |
---------------+----------------------+-----
Fire Magic     | 4 5 6 |  6.7
Stealth        | 3 |  3.1
Conjurations   | 2 3 4 |  4.2
Dodging        | 3 4 5 |  5.3
Spellcasting   | 4 5 |  5.7
Armour         | 1 2 |  2.3
Necromancy     | 1 2 |  2.8

Action                   |  1- 3 |  4- 6 |  7- 9 || total
-------------------------+-------+-------+-------++-------
Melee: Short sword       |     1 |     1 |       ||     2
       Dagger            |       |    71 |     7 ||    78
Throw: Tomahawk          |       |       |     2 ||     2
 Cast: Flame Tongue      |    69 |    84 |    62 ||   215
       Throw Flame       |     3 |    15 |     5 ||    23
       Conjure Flame     |     1 |     7 |     3 ||    11
       Inner Flame       |       |     3 |     1 ||     4
       Sticky Flame      |       |     4 |     7 ||    11
  Use: Scroll            |       |     8 |     4 ||    12
       Potion            |       |       |     6 ||     6
 Stab: Sleeping          |       |     2 |       ||     2
  Eat: Chunk             |    13 |     8 |     6 ||    27
Armor: Robe              |     7 |       |       ||     7
       Leather armour    |       |    26 |    21 ||    47
Dodge: Dodged            |    16 |    52 |    43 ||   111
